 Dungeon Crawl Stone Soup version 0.25-b1-50-g7b83aa72e5 (webtiles) character file.

Game seed: 17420512967580497432

(classic levelgen) 350 EnegeticOcto the Skirmisher (level 6, -2/56 HPs)
             Began as a Minotaur Fighter on June 12, 2020.
             Was an Initiate of Gozag.
             Slain by an orc warrior
             ... wielding a +0 glaive
              (21 damage)
             ... on level 5 of the Dungeon.
             The game lasted 00:02:03 (3185 turns).

EnegeticOcto the Skirmisher (Minotaur Fighter)      Turns: 3185, Time: 00:02:04

Health: -2/56      AC: 12    Str: 20    XL:     6   Next: 34%
Magic:  5/5        EV:  5    Int:  5    God:    Gozag
Gold:   209        SH: 11    Dex: 14    Spells: 5/5 levels left

rFire    . . .     SeeInvis .   a - +1 war axe
rCold    . . .     Gourm    .   c - +1 kite shield
rNeg     . . .     Faith    .   l - +0 plate armour
rPois    .         Spirit   .   (helmet restricted)
rElec    .         Reflect  .   (no cloak)
rCorr    .         Harm     .   (no gloves)
MR       .....                  (no boots)
Stlth    ..........             (no amulet)
HPRegen  0.18/turn              t - -4 ring of dexterity
MPRegen  0.09/turn              v - +6 ring of dexterity

@: mighty, gold aura
A: retaliatory headbutt, horns 2
a: Potion Petition, Call Merchant, Bribe Branch, Renounce Religion


You were on level 5 of the Dungeon.
You worshipped Gozag.
Gozag was aware of your devotion.
You were not hungry.

You visited 2 branches of the dungeon, and saw 6 of its levels.

You collected 247 gold pieces.
You paid 38 gold pieces to Gozag.

Inventory:

Hand Weapons
 a - a +1 war axe (weapon)
 u - a +2 whip of electrocution
Armour
 c - a +1 kite shield (worn)
 l - a +0 plate armour (worn)
Jewellery
 t - a -4 ring of dexterity (left hand)
 v - a +6 ring of dexterity (right hand)
Scrolls
 b - a scroll of enchant armour
 f - a scroll of teleportation {@r3}
 o - a scroll of remove curse {@r2}
 q - 2 scrolls of magic mapping {@r5}
Potions
 d - a potion of heal wounds {unknown}
 g - 4 potions of curing {@q1}
 h - 2 potions of mutation {unknown}
 j - 2 potions of degeneration {unknown}
 n - a potion of haste {unknown}
Comestibles
 e - 8 rations


   Skills:
 * Level 5.5 Fighting
 * Level 4.8 Axes
 + Level 4.5 Armour
 + Level 2.3 Dodging
 + Level 4.6 Shields


You had 5 spell levels left.
You didn't know any spells.
Your spell library was empty.

Dungeon Overview and Level Annotations

Branches:
Dungeon (5/15)             Temple (1/1) D:4

Altars:
Ashenzari
Elyvilon
Gozag
Nemelex Xobeh
Trog
Vehumet
Wu Jian
Xom
Yredelemnul
Zin


Innate Abilities, Weirdness & Mutations

You reflexively headbutt those who attack you in melee.
You have a pair of horns on your head.


Message History

The iguana is moderately wounded.
You block the iguana's attack. x2
You slash the iguana! You headbutt the iguana.
You kill the iguana!
No target in view!
No target in view!
No target in view!
No target in view!
You now have 203 gold pieces (gained 5).
A leopard gecko zombie comes into view.
A leopard gecko zombie is nearby!
A leopard gecko zombie is nearby!
A leopard gecko zombie is nearby!
You barely miss the leopard gecko zombie.
The leopard gecko zombie bites you but does no damage.
You hit the leopard gecko zombie.
Your headbutt misses the leopard gecko zombie.
The leopard gecko zombie is lightly damaged.
The leopard gecko zombie bites you but does no damage.
You block the leopard gecko zombie's attack.
You slash the leopard gecko zombie!
You destroy the leopard gecko zombie!
No target in view!
No target in view!
No target in view!
You now have 209 gold pieces (gained 6).
An orc warrior comes into view. It is wielding a +0 glaive.
The orc warrior shouts!
You hear a shout!
An orc priest comes into view. It is wielding a +0 flail.
An orc wizard comes into view.
It is wielding a +2 dagger of holy wrath.
The orc priest shouts!
There are monsters nearby!
The orc wizard casts a spell.
The orc wizard blinks!
The orc priest begins to cast a cantrip, but forgets the words!
The orc warrior hits you from afar with a +0 glaive!
The orc wizard hits you but does no damage.
You block the orc warrior's attack.
You hit the orc warrior.
The orc warrior is lightly wounded.
Your plate armour prevents you from hitting the orc wizard.
The orc wizard casts a spell.
The orc wizard blinks!
The orc priest calls upon Beogh to heal the orc warrior.
The orc warrior's wounds heal themselves!
You block the orc warrior's attack.
You barely miss the orc warrior. Your headbutt misses the orc warrior.
You slash the orc wizard!
The orc warrior hits you with a +0 glaive.
You block the orc wizard's attack.
The orc priest hits you but does no damage.
You hit the orc wizard but do no damage.
You headbutt the orc wizard, but do no damage.
The orc wizard is heavily wounded.
Your plate armour prevents you from hitting the orc priest.
You hit the orc warrior but do no damage.
The orc warrior hits you but does no damage.
You block the orc wizard's attack. You block the orc priest's attack.
Your shield and plate armour prevent you from hitting the orc wizard.
The orc wizard is heavily wounded.
You closely miss the orc priest. You barely miss the orc warrior.
The orc wizard casts a spell at you.
The magic dart hits you but does no damage.
The orc warrior hits you with a +0 glaive!
The orc priest looks braver for a moment.
You hit the orc wizard.
The orc wizard is severely wounded.
You hit the orc priest.
You hit the orc warrior but do no damage.
The orc wizard completely misses you.
The orc warrior hits you with a +0 glaive!
The orc priest looks braver for a moment.
You block the orc wizard's attack.
You are too injured to fight recklessly!
You are too injured to fight recklessly!
You are too injured to fight recklessly!
You are too injured to fight recklessly!
You are too injured to fight recklessly!
You are too injured to fight recklessly!
You are too injured to fight recklessly!
You feel very mighty all of a sudden.
The orc priest hits you but does no damage.
You block the orc warrior's attack.
The orc wizard hits you but does no damage.
Your plate armour prevents you from hitting the orc warrior.
You headbutt the orc warrior.
The orc warrior is lightly wounded.
You slash the orc priest!
You kill the orc priest!
You barely miss the orc wizard.
The orc wizard hits you but does no damage.
The orc warrior hits you with a +0 glaive.
You closely miss the orc warrior.
The orc warrior is lightly wounded.
Your shield and plate armour prevent you from hitting the orc wizard.
The orc wizard points at you and mumbles some strange words.
You resist with some effort.
The orc warrior hits you with a +0 glaive!!
You die...
Your body crumbles into a pile of gold.

...... ......
......#
.......
.......##
........#
#.....$o# ###
#@####..###
#o.#......#
##........####
....
#............#
.....
#.............
.....
##............
.....
##.........#
.....
#.........##
.....
##.........#


You could see an orc warrior and an orc wizard.

Vanquished Creatures
  A howler monkey (D:4)
  An orc priest (D:5)
  2 orc wizards
  An iguana (D:5)
  A worker ant (D:4)
  A hound skeleton (D:4)
  An adder (D:2)
  3 gnolls (D:4)
  3 oozes (D:1)
  An adder skeleton (D:5)
  3 worms
  A dart slug (D:3)
  3 leopard geckos
  12 orcs
  3 ball pythons
  8 bats
  3 giant cockroaches
  8 hobgoblins
  2 jackals (D:2)
  4 quokkas
  A ball python skeleton (D:4)
  6 frilled lizards
  10 goblins
  11 kobolds
  A leopard gecko zombie (D:5)
  8 rats
  2 toadstools (D:1)
101 creatures vanquished.

Vanquished Creatures (others)
  2 toadstools (D:1)
2 creatures vanquished.

Grand Total: 103 creatures vanquished

Notes
Turn   | Place    | Note
-------+----------+-------------------------------------------
     0 | D:1      | EnegeticOcto the Minotaur Fighter began the quest for the
                  | Orb.
     0 | D:1      | Reached XP level 1. HP: 19/19 MP: 0/0
   116 | D:1      | Reached XP level 2. HP: 23/27 MP: 1/1
   257 | D:1      | Reached skill level 4 in Fighting
   455 | D:1      | Reached XP level 3. HP: 32/33 MP: 2/2
  1329 | D:2      | Reached skill level 1 in Dodging
  1428 | D:2      | Reached XP level 4. HP: 41/41 MP: 3/3
  1566 | D:2      | Found a basalt altar of Yredelemnul.
  2125 | D:3      | Reached XP level 5. HP: 39/47 MP: 4/4
  2460 | D:4      | Reached skill level 5 in Fighting
  2548 | D:4      | Found a staircase to the Ecumenical Temple.
  2553 | Temple   | Entered the Ecumenical Temple
  2683 | Temple   | Became a worshipper of Gozag Ym Sagoz the Greedy
  2809 | D:4      | Reached XP level 6. HP: 45/56 MP: 5/5
  3096 | D:5      | Entered Level 5 of the Dungeon
  3174 | D:5      | Noticed an orc warrior
  3185 | D:5      | Slain by an orc warrior

Illustrated notes

Levels and vault maps discovered:
D:1:      ldierk_water_garden, layout_basic
D:2:      layout_basic, yredelemnul_altar_generic, kennysheep_crisscross
D:3:      layout_rooms, nicolae_underground_beach
D:4:      layout_gridville, minmay_temple_entry_wispy, first_ration
D:5:      layout_cave_pods, minmay_ogre_servants, uniq_sigmund
Temple:   regret_index_temple_sphere_string

Skill      XL: |  1  2  3  4  5 |
---------------+----------------+-----
Fighting       | 4 5 |  5.5
Axes           | 3 4 |  4.8
Armour         | 4 |  4.5
Shields        | 4 |  4.6
Dodging        | 1 2 |  2.3

Action                   |  1- 3 |  4- 6 || total
-------------------------+-------+-------++-------
Melee: War axe           |    97 |   140 ||   237
       Headbutt          |    18 |    31 ||    49
  Use: Scroll            |       |     9 ||     9
       Potion            |       |     1 ||     1
 Stab: Distracted        |       |     1 ||     1
  Eat: Chunk             |     2 |     4 ||     6
       Ration            |       |     1 ||     1
Armor: Scale mail        |    18 |       ||    18
       Plate armour      |    11 |    85 ||    96
Dodge: Dodged            |    23 |    20 ||    43
Block: Kite shield       |    49 |   101 ||   150
